Cape Breton Oilers vs Espoo Blues
Created - Thursday, March 23, 2023 at 08:45
Goals
|
| Cape Breton Oilers |
1 |
1 |
1 |
0 |
3 |
| Espoo Blues |
1 |
1 |
1 |
1 |
4 |
|
Shots
|
| Cape Breton Oilers |
6 |
10 |
6 |
0 |
22 |
| Espoo Blues |
12 |
15 |
6 |
1 |
34 |
|
1st period
1. Espoo Blues , Patric Hornqvist 4 (Derek Grant 7) at 11:55 (PP)
2. Cape Breton Oilers , Jack McBain 6 (Juuso Valimaki 4) at 19:36
Penalties :
Juuso Valimaki (CBO) for Hooking (Minor) at 3:41, Max Jones (CBO) for Tripping (Minor) at 11:42, Michael Stone (ESP) for Hooking (Minor) at 13:59
2nd period
3. Espoo Blues , Stefan Noesen 9 (Cam York 4, Brendan Lemieux 2) at 2:42
4. Cape Breton Oilers , Connor Bunnaman 2 (Egor Afanasyev 5) at 16:26 (PP)
Penalties :
Brendan Lemieux (ESP) for Fighting (Major) at 12:12, Carl Grundstrom (CBO) for Fighting (Major) at 12:12, Stefan Noesen (ESP) for Holding (Minor) at 14:11, Stefan Noesen (ESP) for Diving (Minor) at 16:22, Logan O'Connor (ESP) for Elbowing (Minor) at 16:43
3rd period
5. Cape Breton Oilers , Carl Grundstrom 5 (Alexey Toropchenko 4, Jack McBain 5) at 2:30 (PP)
6. Espoo Blues , Cam York 1 (Derek Grant 8) at 4:00 (PP)
Penalties :
Derick Brassard (ESP) for Tripping (Minor) at 2:10, Jack McBain (CBO) for Hooking (Minor) at 3:12, Juuso Valimaki (CBO) for Holding (Minor) at 19:58
Overtime #1
7. Espoo Blues , Derek Grant 4 (Stefan Noesen 8) at 0:06 (PP)
Penalties :
No Penalty
Goalie Stats
Matthew Villalta (CBO), 30 saves from 34 shots - (0.882), OTL, 2-6-1, 60:06 minutes
Spencer Knight (ESP), 19 saves from 22 shots - (0.864), W, 5-1-0, 60:06 minutes
Players Stats for Cape Breton Oilers
Player Name G A P +/- PIM S H SB GA TA FO MP PP MP PK MP
------------------------------------------------------------------------------------
Alexey Toropchenko 0 1 1 0 0 2 0 0 1 0 1/2 18:49 3:26 0:40
Carl Grundstrom 1 0 1 0 5 5 3 1 3 0 0/3 22:06 2:16 1:47
Connor Bunnaman 1 0 1 0 0 3 1 1 0 0 0/2 19:00 2:32 0:13
Egor Afanasyev 0 1 1 0 0 3 1 0 0 0 9/13 19:16 2:32 0:40
Hudson Fasching 0 0 0 0 0 1 1 1 0 0 0/0 18:28 2:32 0:00
J.D. Greenway 0 0 0 0 0 0 0 0 0 0 0/0 4:36 0:00 0:33
Jack McBain 1 1 2 0 2 4 0 2 1 0 13/38 25:24 3:26 1:12
Jonah Gadjovich 0 0 0 0 0 0 2 1 0 0 0/0 12:23 0:51 0:00
Juuso Valimaki 0 1 1 0 4 0 2 5 1 0 0/0 24:06 3:31 1:01
Kevin Bahl 0 0 0 0 0 1 0 2 1 1 0/0 19:39 2:50 0:50
Kody Clark 0 0 0 0 0 0 4 0 0 0 1/2 11:57 0:00 1:02
Leon Gawanke 0 0 0 0 0 1 0 2 0 1 0/0 12:47 0:00 0:43
Luke Evangelista 0 0 0 0 0 0 0 0 0 0 0/0 10:38 0:12 0:00
Marcus Pettersson 0 0 0 0 0 2 0 4 0 1 0/0 28:00 3:31 2:17
Max Jones 0 0 0 0 2 0 0 0 0 0 0/1 9:11 1:16 0:34
Philip Broberg 0 0 0 0 0 0 0 2 0 0 0/0 12:04 0:00 0:00
Vladislav Kolyachonok 0 0 0 0 0 0 0 2 1 2 0/0 19:39 2:50 0:50
Will Cuylle 0 0 0 0 0 0 0 1 0 0 0/0 9:09 0:00 0:00
Players Stats for Espoo Blues
Player Name G A P +/- PIM S H SB GA TA FO MP PP MP PK MP
------------------------------------------------------------------------------------
Anton Blidh 0 0 0 -1 0 0 4 0 1 0 0/0 12:05 0:17 0:14
Brendan Lemieux 0 1 1 1 5 5 3 1 1 0 1/1 16:41 1:06 0:19
Cam York 1 1 2 1 0 5 3 0 0 1 0/0 21:22 1:01 2:05
Chad Ruhwedel 0 0 0 1 0 0 0 1 0 1 0/0 19:48 1:01 2:05
Derek Grant 1 2 3 1 0 6 2 1 0 0 15/24 21:14 1:04 3:29
Derick Brassard 0 0 0 0 2 3 1 0 0 0 18/26 20:32 1:25 2:23
Fredrik Karlstrom 0 0 0 -1 0 1 0 0 0 0 1/2 11:19 0:00 0:29
Gavin Bayreuther 0 0 0 0 0 0 0 0 0 1 0/0 12:34 0:00 0:27
Joe Snively 0 0 0 0 0 1 2 0 0 2 0/1 19:47 1:25 1:01
Logan O'Connor 0 0 0 0 2 3 2 0 0 2 0/1 20:14 0:37 2:30
Mattias Janmark 0 0 0 0 0 0 0 0 0 0 0/0 5:14 0:45 2:36
Mattias Samuelsson 0 0 0 -1 0 0 1 3 0 1 0/0 28:22 2:00 4:16
Michael Stone 0 0 0 -1 2 1 2 3 0 0 0/0 24:53 2:00 2:49
Patric Hornqvist 1 0 1 -1 0 2 1 0 2 0 0/0 12:30 1:19 0:00
Ridly Greig 0 0 0 0 0 1 0 0 0 0 0/0 6:35 0:00 0:00
Stefan Noesen 1 1 2 1 4 4 4 0 1 0 0/2 21:12 1:05 0:00
Urho Vaakanainen 0 0 0 0 0 0 1 0 0 0 0/0 13:27 0:00 1:00
Viktor Lodin 0 0 0 0 0 2 0 0 0 0 2/4 6:27 0:00 0:00
3 Stars
1 - Derek Grant (ESP)
2 - Cam York (ESP)
3 - Stefan Noesen (ESP)
Power Play
Cape Breton Oilers - 2 on 5 Attempt(s) - 40.00%
Espoo Blues - 3 on 4 Attempt(s) - 75.00%
Penalty Kill
Cape Breton Oilers - 1 on 4 Attempt(s) - 25.00%
- Score 0 goal in Penalty Kill
Espoo Blues - 3 on 5 Attempt(s) - 60.00%
- Score 0 goal in Penalty Kill
Team Stat
Cape Breton Oilers - Hits : 14 - Faceoff Wins : 24 - Blocked Shots : 24 - Penalty Minutes : 13
Espoo Blues - Hits : 26 - Faceoff Wins : 37 - Blocked Shots : 9 - Penalty Minutes : 15
Official
Referees : Chris Rooney and Tom Chmielewski
Linesman : Steve Miller and David Brisebois
Game Notes
Brendan Lemieux beats up Carl Grundstrom at 12:12 of 2nd period
19:18 of 2nd period - Espoo Blues goal is going for a video replay. After video review, No Goal. The puck has entered the net after making contact with an attacking player’s stick that is above the height of the crossbar.
Cape Breton Oilers
5 vs 5 Forward
Center Left Wing Right Wing Time % Phy DF OF
1 Jack McBain Carl Grundstrom Alexey Toropchenko 40 1 2 2
2 Egor Afanasyev Connor Bunnaman Hudson Fasching 30 1 2 2
3 Jack McBain Jonah Gadjovich Kody Clark 20 1 2 2
4 Carl Grundstrom Will Cuylle Luke Evangelista 10 1 2 2
5 vs 5 Defense
Defense Defense Time % Phy DF OF
1 Marcus Pettersson Juuso Valimaki 40 1 2 2
2 Kevin Bahl Vladislav Kolyachonok 30 1 2 2
3 Philip Broberg Leon Gawanke 20 1 2 2
4 J.D. Greenway Marcus Pettersson 10 1 2 2
PowerPlay Forward
Center Left Wing Right Wing Time % Phy DF OF
1 Jack McBain Carl Grundstrom Alexey Toropchenko 60 1 2 2
2 Egor Afanasyev Connor Bunnaman Hudson Fasching 40 1 2 2
PowerPlay Defense
Defense Defense Time % Phy DF OF
1 Marcus Pettersson Juuso Valimaki 60 1 2 2
2 Kevin Bahl Vladislav Kolyachonok 40 1 2 2
Penalty Kill 4 Players Forward
Center Wing Time % Phy DF OF
1 Jack McBain Carl Grundstrom 60 1 2 2
2 Alexey Toropchenko Egor Afanasyev 40 1 2 2
Penalty Kill 4 Players Defense
Defense Defense Time % Phy DF OF
1 Marcus Pettersson Juuso Valimaki 60 1 2 2
2 Kevin Bahl Vladislav Kolyachonok 40 1 2 2
Penalty Kill - 3 Players Forward
Forward Time % Phy DF OF
1 Jack McBain 60 1 2 2
2 Carl Grundstrom 40 1 2 2
Penalty Kill - 3 Players Defense
Defense Defense Time % Phy DF OF
1 Marcus Pettersson Juuso Valimaki 60 1 2 2
2 Kevin Bahl Vladislav Kolyachonok 40 1 2 2
4 vs 4 Forward
Center Wing Time % Phy DF OF
1 Jack McBain Carl Grundstrom 60 1 2 2
2 Alexey Toropchenko Egor Afanasyev 40 1 2 2
4 vs 4 Defense
Defense Defense Time % Phy DF OF
1 Marcus Pettersson Juuso Valimaki 60 1 2 2
2 Kevin Bahl Vladislav Kolyachonok 40 1 2 2
Last Minutes Offensive
Center Left Wing Right Wing Defense Defense
Jack McBain Carl Grundstrom Alexey Toropchenko Marcus Pettersson Juuso Valimaki
Last Minutes Defensive
Center Left Wing Right Wing Defense Defense
Jack McBain Carl Grundstrom Alexey Toropchenko Marcus Pettersson Juuso Valimaki
Goaltenders
Starting : Matthew Villalta
Backup : Jack LaFontaine
Extra Forwards
Normal : Max Jones, Jonah Gadjovich, Kody Clark - PP : Max Jones, Jonah Gadjovich - PK : Kody Clark
Extra Defensemen
Normal : Philip Broberg, Leon Gawanke, J.D. Greenway - PP : Philip Broberg - PK : Leon Gawanke, J.D. Greenway
Penalty Shots
Jack McBain, Carl Grundstrom, Alexey Toropchenko, Egor Afanasyev, Connor Bunnaman
Espoo Blues
5 vs 5 Forward
Center Left Wing Right Wing Time % Phy DF OF
1 Derick Brassard Joe Snively Logan O'Connor 37 1 1 2
2 Derek Grant Brendan Lemieux Stefan Noesen 36 1 2 2
3 Fredrik Karlstrom Anton Blidh Patric Hornqvist 22 1 2 2
4 Viktor Lodin Ridly Greig Stefan Noesen 5 1 2 2
5 vs 5 Defense
Defense Defense Time % Phy DF OF
1 Mattias Samuelsson Michael Stone 41 1 2 2
2 Chad Ruhwedel Cam York 32 1 2 2
3 Urho Vaakanainen Gavin Bayreuther 20 1 2 2
4 Mattias Samuelsson Cam York 7 1 2 2
PowerPlay Forward
Center Left Wing Right Wing Time % Phy DF OF
1 Derick Brassard Joe Snively Stefan Noesen 62 1 2 2
2 Derek Grant Brendan Lemieux Patric Hornqvist 38 1 2 2
PowerPlay Defense
Defense Defense Time % Phy DF OF
1 Mattias Samuelsson Michael Stone 60 1 2 2
2 Chad Ruhwedel Cam York 40 1 2 2
Penalty Kill 4 Players Forward
Center Wing Time % Phy DF OF
1 Derek Grant Logan O'Connor 60 1 2 2
2 Derick Brassard Mattias Janmark 40 1 2 2
Penalty Kill 4 Players Defense
Defense Defense Time % Phy DF OF
1 Mattias Samuelsson Michael Stone 60 1 2 2
2 Chad Ruhwedel Cam York 40 1 2 2
Penalty Kill - 3 Players Forward
Forward Time % Phy DF OF
1 Derek Grant 60 1 2 2
2 Derick Brassard 40 1 2 2
Penalty Kill - 3 Players Defense
Defense Defense Time % Phy DF OF
1 Mattias Samuelsson Michael Stone 60 1 2 2
2 Chad Ruhwedel Cam York 40 1 2 2
4 vs 4 Forward
Center Wing Time % Phy DF OF
1 Derek Grant Stefan Noesen 60 1 2 2
2 Derick Brassard Joe Snively 40 1 2 2
4 vs 4 Defense
Defense Defense Time % Phy DF OF
1 Mattias Samuelsson Michael Stone 60 1 2 2
2 Chad Ruhwedel Cam York 40 1 2 2
Last Minutes Offensive
Center Left Wing Right Wing Defense Defense
Derek Grant Joe Snively Stefan Noesen Mattias Samuelsson Michael Stone
Last Minutes Defensive
Center Left Wing Right Wing Defense Defense
Derek Grant Derick Brassard Logan O'Connor Mattias Samuelsson Michael Stone
Goaltenders
Starting : Spencer Knight
Backup : Stuart Skinner
Extra Forwards
Normal : Stefan Noesen, Joe Snively, Derick Brassard - PP : Stefan Noesen, Joe Snively - PK : Logan O'Connor
Extra Defensemen
Normal : Cam York, Mattias Samuelsson, Michael Stone - PP : Michael Stone - PK : Urho Vaakanainen, Gavin Bayreuther
Penalty Shots
Stefan Noesen, Patric Hornqvist, Joe Snively, Brendan Lemieux, Viktor Lodin
% Time on Ice - Cape Breton Oilers
Lines # - Real PCT - Wanted PCT - Time Play
Normal Forward
1 - 29% - 40% - 14:54
2 - 35% - 30% - 17:51
3 - 17% - 20% - 8:50
4 - 18% - 10% - 9:03
Normal Defense
1 - 37% - 40% - 18:32
2 - 32% - 30% - 15:59
3 - 24% - 20% - 12:04
4 - 8% - 10% - 4:03
PP Forward
1 - 60% - 60% - 3:49
2 - 40% - 40% - 2:32
PP Defense
1 - 55% - 60% - 3:31
2 - 45% - 40% - 2:50
PK Forward
1 - 78% - 60% - 2:21
2 - 22% - 40% - 0:40
PK Defense
1 - 72% - 60% - 2:11
2 - 28% - 40% - 0:50
PK3 Forward
1 - 100% - 60% - 0:06
2 - 0% - 40% - 0:00
PK3 Defense
1 - 100% - 60% - 0:06
2 - 0% - 40% - 0:00
44 Forward
1 - 0% - 60%
2 - 0% - 40%
44 Defense
1 - 0% - 60%
2 - 0% - 40%
Last Minute Offensive - 0:00
Last Minute Defensive - 0:00
Total
Forward - 60:06
Defense - 60:06
|
% Time on Ice - Espoo Blues
Lines # - Real PCT - Wanted PCT - Time Play
Normal Forward
1 - 31% - 37% - 15:47
2 - 37% - 36% - 18:31
3 - 20% - 22% - 9:53
4 - 13% - 5% - 6:27
Normal Defense
1 - 40% - 41% - 20:07
2 - 33% - 32% - 16:31
3 - 24% - 20% - 12:07
4 - 4% - 7% - 1:53
PP Forward
1 - 56% - 62% - 1:42
2 - 44% - 38% - 1:19
PP Defense
1 - 66% - 60% - 2:00
2 - 34% - 40% - 1:01
PK Forward
1 - 90% - 60% - 5:43
2 - 10% - 40% - 0:38
PK Defense
1 - 67% - 60% - 4:16
2 - 33% - 40% - 2:05
PK3 Forward
1 - 0% - 60%
2 - 0% - 40%
PK3 Defense
1 - 0% - 60%
2 - 0% - 40%
44 Forward
1 - 100% - 60% - 0:06
2 - 0% - 40% - 0:00
44 Defense
1 - 100% - 60% - 0:06
2 - 0% - 40% - 0:00
Last Minute Offensive - 0:00
Last Minute Defensive - 0:00
Total
Forward - 60:06
Defense - 60:06
|
Play-by-Play
1st period
0:01 of 1st period - Derick Brassard wins face-off versus Jack McBain in neutral zone.
0:31 of 1st period - Wrist shot by Carl Grundstrom.
0:31 of 1st period - Stopped by Spencer Knight with a rebound.
0:33 of 1st period - Slapshot by Carl Grundstrom.
0:33 of 1st period - Stopped by Spencer Knight with a rebound.
0:35 of 1st period - Wrist shot by Jack McBain.
0:35 of 1st period - Stopped by Spencer Knight with a rebound.
1:11 of 1st period - Snap shot by Patric Hornqvist.
1:11 of 1st period - Shot Misses the Net.
1:13 of 1st period - Slapshot by Michael Stone.
1:13 of 1st period - Shot Misses the Net.
1:19 of 1st period - Slapshot by Michael Stone.
1:19 of 1st period - Deflect By Philip Broberg.
1:19 of 1st period - Stopped by Matthew Villalta without a rebound.
1:20 of 1st period - Derek Grant wins face-off versus Connor Bunnaman in Cape Breton Oilers zone.
1:25 of 1st period - Snap shot by Brendan Lemieux.
1:25 of 1st period - Stopped by Matthew Villalta with a rebound.
1:27 of 1st period - Slapshot by Chad Ruhwedel.
1:27 of 1st period - Deflect By Stefan Noesen.
1:27 of 1st period - Shot Blocked by Connor Bunnaman.
1:27 of 1st period - Puck is out of play.
1:28 of 1st period - Egor Afanasyev wins face-off versus Stefan Noesen in Cape Breton Oilers zone.
1:56 of 1st period - Icing by Stefan Noesen.
1:57 of 1st period - Derek Grant wins face-off versus Max Jones in Espoo Blues zone.
2:13 of 1st period - Kevin Bahl is hit by Brendan Lemieux and loses puck.
2:18 of 1st period - Snap shot by Brendan Lemieux.
2:18 of 1st period - Stopped by Matthew Villalta with a rebound.
2:38 of 1st period - Backhand shot by Vladislav Kolyachonok.
2:38 of 1st period - Shot Blocked by Derek Grant.
2:52 of 1st period - Kevin Bahl is hit by Stefan Noesen and loses puck.
3:13 of 1st period - Slapshot by Derek Grant.
3:13 of 1st period - Stopped by Matthew Villalta with a rebound.
3:15 of 1st period - Slapshot by Derek Grant.
3:15 of 1st period - Stopped by Matthew Villalta without a rebound.
3:16 of 1st period - Derick Brassard wins face-off versus Jack McBain in Cape Breton Oilers zone.
3:29 of 1st period - Snap shot by Derick Brassard.
3:29 of 1st period - Stopped by Matthew Villalta without a rebound.
3:30 of 1st period - Derick Brassard wins face-off versus Egor Afanasyev in Cape Breton Oilers zone.
3:39 of 1st period - Wrist shot by Joe Snively.
3:39 of 1st period - Shot Blocked by Juuso Valimaki.
3:41 of 1st period - Minor Penalty to Juuso Valimaki for Hooking.
3:42 of 1st period - Jack McBain wins face-off versus Derick Brassard in Cape Breton Oilers zone.
4:53 of 1st period - Derek Grant is hit by Kody Clark and loses puck.
5:24 of 1st period - Alexey Toropchenko is hit by Michael Stone and loses puck.
5:41 of 1st period - Penalty to Juuso Valimaki is over, Juuso Valimaki is back on ice.
5:57 of 1st period - Vladislav Kolyachonok is hit by Patric Hornqvist and loses puck.
6:14 of 1st period - Snap shot by Carl Grundstrom.
6:14 of 1st period - Shot Misses the Net.
7:20 of 1st period - Jack McBain is hit by Joe Snively and loses puck.
8:28 of 1st period - Kevin Bahl is hit by Stefan Noesen and loses puck.
8:43 of 1st period - Gavin Bayreuther is hit by Jonah Gadjovich and loses puck.
10:11 of 1st period - Brendan Lemieux is hit by Jonah Gadjovich and loses puck.
11:42 of 1st period - Minor Penalty to Max Jones for Tripping.
11:43 of 1st period - Derek Grant wins face-off versus Jack McBain in Cape Breton Oilers zone.
11:46 of 1st period - Slapshot by Brendan Lemieux.
11:46 of 1st period - Stopped by Matthew Villalta without a rebound.
11:47 of 1st period - Derek Grant wins face-off versus Jack McBain in Cape Breton Oilers zone.
11:55 of 1st period - Slapshot by Patric Hornqvist.
11:55 of 1st period - Goal by Patric Hornqvist - Cape Breton Oilers : 0 - Espoo Blues : 1.
11:56 of 1st period - Derick Brassard wins face-off versus Jack McBain in neutral zone.
12:06 of 1st period - Off-side.
12:07 of 1st period - Derick Brassard wins face-off versus Jack McBain in neutral zone.
12:32 of 1st period - Hudson Fasching is hit by Michael Stone and loses puck.
12:57 of 1st period - Fredrik Karlstrom is hit by Carl Grundstrom and loses puck.
13:18 of 1st period - Snap shot by Jack McBain.
13:18 of 1st period - Stopped by Spencer Knight without a rebound.
13:19 of 1st period - Derick Brassard wins face-off versus Jack McBain in Espoo Blues zone.
13:24 of 1st period - Snap shot by Joe Snively.
13:24 of 1st period - Shot Blocked by Philip Broberg.
13:46 of 1st period - Wrist shot by Connor Bunnaman.
13:46 of 1st period - Shot Misses the Net.
13:48 of 1st period - Snap shot by Hudson Fasching.
13:48 of 1st period - Shot Misses the Net.
13:50 of 1st period - Slapshot by Leon Gawanke.
13:50 of 1st period - Stopped by Spencer Knight without a rebound.
13:51 of 1st period - Egor Afanasyev wins face-off versus Logan O'Connor in Espoo Blues zone.
13:59 of 1st period - Minor Penalty to Michael Stone for Hooking.
14:00 of 1st period - Jack McBain wins face-off versus Derek Grant in Espoo Blues zone.
14:59 of 1st period - Slapshot by Derick Brassard.
14:59 of 1st period - Shot Blocked by Hudson Fasching.
15:25 of 1st period - Icing by Juuso Valimaki.
15:26 of 1st period - Egor Afanasyev wins face-off versus Derek Grant in Cape Breton Oilers zone.
15:59 of 1st period - Penalty to Michael Stone is over, Michael Stone is back on ice.
16:12 of 1st period - Wrist shot by Patric Hornqvist.
16:12 of 1st period - Shot Misses the Net.
16:14 of 1st period - Snap shot by Fredrik Karlstrom.
16:14 of 1st period - Shot Blocked by Jonah Gadjovich.
16:16 of 1st period - Slapshot by Anton Blidh.
16:16 of 1st period - Shot Misses the Net.
16:18 of 1st period - Wrist shot by Patric Hornqvist.
16:18 of 1st period - Stopped by Matthew Villalta without a rebound.
16:19 of 1st period - Viktor Lodin wins face-off versus Egor Afanasyev in Cape Breton Oilers zone.
16:22 of 1st period - Wrist shot by Viktor Lodin.
16:22 of 1st period - Stopped by Matthew Villalta with a rebound.
16:24 of 1st period - Slapshot by Cam York.
16:24 of 1st period - Stopped by Matthew Villalta with a rebound.
16:26 of 1st period - Slapshot by Ridly Greig.
16:26 of 1st period - Shot Misses the Net.
16:28 of 1st period - Snap shot by Ridly Greig.
16:28 of 1st period - Shot Misses the Net.
16:30 of 1st period - Slapshot by Chad Ruhwedel.
16:30 of 1st period - Deflect By Stefan Noesen.
16:30 of 1st period - Shot Blocked by Marcus Pettersson.
16:30 of 1st period - Puck is out of play.
16:31 of 1st period - Jack McBain wins face-off versus Derick Brassard in Cape Breton Oilers zone.
16:56 of 1st period - Juuso Valimaki is hit by Cam York and loses puck.
17:07 of 1st period - Snap shot by Brendan Lemieux.
17:07 of 1st period - Shot Blocked by Juuso Valimaki.
17:50 of 1st period - Icing by Viktor Lodin.
17:51 of 1st period - Egor Afanasyev wins face-off versus Viktor Lodin in Espoo Blues zone.
18:02 of 1st period - Snap shot by Egor Afanasyev.
18:02 of 1st period - Deflect By Stefan Noesen.
18:02 of 1st period - Shot Misses the Net.
18:02 of 1st period - Puck is out of play.
18:03 of 1st period - Derick Brassard wins face-off versus Carl Grundstrom in Espoo Blues zone.
18:28 of 1st period - Michael Stone is hit by Connor Bunnaman and loses puck.
18:37 of 1st period - Derek Grant is hit by Egor Afanasyev and loses puck.
18:52 of 1st period - Snap shot by Fredrik Karlstrom.
18:52 of 1st period - Stopped by Matthew Villalta with a rebound.
19:36 of 1st period - Snap shot by Jack McBain.
19:36 of 1st period - Goal by Jack McBain - Cape Breton Oilers : 1 - Espoo Blues : 1.
19:37 of 1st period - Derick Brassard wins face-off versus Jack McBain in neutral zone.
Goals for this period are 1 for Cape Breton Oilers vs 1 for Espoo Blues.
Shots for this period are 6 for Cape Breton Oilers vs 12 for Espoo Blues.
2nd period
0:01 of 2nd period - Jack McBain wins face-off versus Derick Brassard in neutral zone.
0:11 of 2nd period - Carl Grundstrom is hit by Logan O'Connor and loses puck.
0:16 of 2nd period - Wrist shot by Derick Brassard.
0:16 of 2nd period - Stopped by Matthew Villalta with a rebound.
0:26 of 2nd period - Stefan Noesen is hit by Hudson Fasching and loses puck.
0:31 of 2nd period - Snap shot by Egor Afanasyev.
0:31 of 2nd period - Shot Blocked by Mattias Samuelsson.
0:33 of 2nd period - Slapshot by Egor Afanasyev.
0:33 of 2nd period - Shot Blocked by Mattias Samuelsson.
0:35 of 2nd period - Slapshot by Kevin Bahl.
0:35 of 2nd period - Deflect By Hudson Fasching.
0:35 of 2nd period - Shot Misses the Net.
0:35 of 2nd period - Puck is out of play.
0:36 of 2nd period - Jack McBain wins face-off versus Joe Snively in Espoo Blues zone.
0:39 of 2nd period - Wrist shot by Carl Grundstrom.
0:39 of 2nd period - Stopped by Spencer Knight without a rebound.
0:40 of 2nd period - Derick Brassard wins face-off versus Jack McBain in Espoo Blues zone.
0:52 of 2nd period - Wrist shot by Logan O'Connor.
0:52 of 2nd period - Stopped by Matthew Villalta without a rebound.
0:53 of 2nd period - Derek Grant wins face-off versus Jack McBain in Cape Breton Oilers zone.
0:56 of 2nd period - Slapshot by Stefan Noesen.
0:56 of 2nd period - Deflect By Derek Grant.
0:56 of 2nd period - Stopped by Matthew Villalta with a rebound.
1:08 of 2nd period - Snap shot by Jack McBain.
1:08 of 2nd period - Shot Blocked by Michael Stone.
1:18 of 2nd period - Derick Brassard is hit by Juuso Valimaki and loses puck.
1:50 of 2nd period - Wrist shot by Logan O'Connor.
1:50 of 2nd period - Stopped by Matthew Villalta without a rebound.
1:51 of 2nd period - Jack McBain wins face-off versus Derek Grant in Cape Breton Oilers zone.
1:51 of 2nd period - Jack McBain is hit by Cam York.
2:07 of 2nd period - Snap shot by Carl Grundstrom.
2:07 of 2nd period - Shot Misses the Net.
2:17 of 2nd period - Juuso Valimaki is hit by Stefan Noesen and loses puck.
2:30 of 2nd period - Snap shot by Derek Grant.
2:30 of 2nd period - Stopped by Matthew Villalta with a rebound.
2:32 of 2nd period - Backhand shot by Derek Grant.
2:32 of 2nd period - Shot Blocked by Juuso Valimaki.
2:34 of 2nd period - Wrist shot by Brendan Lemieux.
2:34 of 2nd period - Stopped by Matthew Villalta with a rebound.
2:36 of 2nd period - Backhand shot by Cam York.
2:36 of 2nd period - Shot Blocked by Marcus Pettersson.
2:38 of 2nd period - Snap shot by Brendan Lemieux.
2:38 of 2nd period - Shot Blocked by Carl Grundstrom.
2:40 of 2nd period - Snap shot by Cam York.
2:40 of 2nd period - Stopped by Matthew Villalta with a rebound.
2:42 of 2nd period - Wrist shot by Stefan Noesen.
2:42 of 2nd period - Goal by Stefan Noesen - Cape Breton Oilers : 1 - Espoo Blues : 2.
2:43 of 2nd period - Derick Brassard wins face-off versus Egor Afanasyev in neutral zone.
2:52 of 2nd period - Wrist shot by Derick Brassard.
2:52 of 2nd period - Stopped by Matthew Villalta with a rebound.
3:08 of 2nd period - Anton Blidh is hit by Kody Clark and loses puck.
3:33 of 2nd period - Mattias Samuelsson is hit by Carl Grundstrom and loses puck.
3:44 of 2nd period - Wrist shot by Connor Bunnaman.
3:44 of 2nd period - Stopped by Spencer Knight without a rebound.
3:45 of 2nd period - Derick Brassard wins face-off versus Egor Afanasyev in Espoo Blues zone.
4:01 of 2nd period - Icing by Leon Gawanke.
4:02 of 2nd period - Egor Afanasyev wins face-off versus Derek Grant in Cape Breton Oilers zone.
4:17 of 2nd period - Snap shot by Connor Bunnaman.
4:17 of 2nd period - Stopped by Spencer Knight with a rebound.
4:19 of 2nd period - Slapshot by Hudson Fasching.
4:19 of 2nd period - Shot Blocked by Brendan Lemieux.
4:21 of 2nd period - Slapshot by Hudson Fasching.
4:21 of 2nd period - Shot Misses the Net.
4:23 of 2nd period - Backhand shot by Hudson Fasching.
4:23 of 2nd period - Shot Misses the Net.
4:25 of 2nd period - Wrist shot by Egor Afanasyev.
4:25 of 2nd period - Stopped by Spencer Knight without a rebound.
4:26 of 2nd period - Alexey Toropchenko wins face-off versus Derick Brassard in Espoo Blues zone.
5:25 of 2nd period - Wrist shot by Joe Snively.
5:25 of 2nd period - Shot Misses the Net.
5:38 of 2nd period - Icing by Stefan Noesen.
5:39 of 2nd period - Viktor Lodin wins face-off versus Jack McBain in Espoo Blues zone.
5:46 of 2nd period - Snap shot by Ridly Greig.
5:46 of 2nd period - Shot Misses the Net.
6:02 of 2nd period - Wrist shot by Connor Bunnaman.
6:02 of 2nd period - Shot Blocked by Mattias Samuelsson.
6:04 of 2nd period - Slapshot by Philip Broberg.
6:04 of 2nd period - Shot Misses the Net.
6:40 of 2nd period - Slapshot by Michael Stone.
6:40 of 2nd period - Shot Blocked by Vladislav Kolyachonok.
6:42 of 2nd period - Slapshot by Michael Stone.
6:42 of 2nd period - Deflect By Derek Grant.
6:42 of 2nd period - Shot Blocked by Jack McBain.
6:42 of 2nd period - Puck is out of play.
6:43 of 2nd period - Jack McBain wins face-off versus Derek Grant in Cape Breton Oilers zone.
6:43 of 2nd period - Jack McBain is hit by Cam York.
6:57 of 2nd period - Vladislav Kolyachonok is hit by Derek Grant and loses puck.
8:04 of 2nd period - Icing by Juuso Valimaki.
8:05 of 2nd period - Egor Afanasyev wins face-off versus Derick Brassard in Cape Breton Oilers zone.
8:05 of 2nd period - Egor Afanasyev is hit by Logan O'Connor.
8:32 of 2nd period - Wrist shot by Jack McBain.
8:32 of 2nd period - Shot Blocked by Michael Stone.
8:34 of 2nd period - Snap shot by Carl Grundstrom.
8:34 of 2nd period - Shot Hit the Post.
8:36 of 2nd period - Snap shot by Alexey Toropchenko.
8:36 of 2nd period - Stopped by Spencer Knight with a rebound.
8:38 of 2nd period - Wrist shot by Carl Grundstrom.
8:38 of 2nd period - Shot Hit the Post.
8:40 of 2nd period - Snap shot by Carl Grundstrom.
8:40 of 2nd period - Stopped by Spencer Knight without a rebound.
8:41 of 2nd period - Jack McBain wins face-off versus Derick Brassard in Espoo Blues zone.
8:53 of 2nd period - Wrist shot by Logan O'Connor.
8:53 of 2nd period - Shot Misses the Net.
8:57 of 2nd period - Snap shot by Derick Brassard.
8:57 of 2nd period - Deflect By Philip Broberg.
8:57 of 2nd period - Shot Blocked by Jack McBain.
8:57 of 2nd period - Puck is out of play.
8:58 of 2nd period - Egor Afanasyev wins face-off versus Derek Grant in Cape Breton Oilers zone.
8:58 of 2nd period - Egor Afanasyev is hit by Derek Grant.
9:10 of 2nd period - Wrist shot by Egor Afanasyev.
9:10 of 2nd period - Shot Misses the Net.
9:12 of 2nd period - Snap shot by Egor Afanasyev.
9:12 of 2nd period - Stopped by Spencer Knight without a rebound.
9:13 of 2nd period - Derick Brassard wins face-off versus Jack McBain in Espoo Blues zone.
9:39 of 2nd period - Mattias Samuelsson is hit by Juuso Valimaki and loses puck.
10:08 of 2nd period - Slapshot by Cam York.
10:08 of 2nd period - Stopped by Matthew Villalta without a rebound.
10:09 of 2nd period - Jack McBain wins face-off versus Derick Brassard in Cape Breton Oilers zone.
10:20 of 2nd period - Snap shot by Jack McBain.
10:20 of 2nd period - Stopped by Spencer Knight without a rebound.
10:21 of 2nd period - Egor Afanasyev wins face-off versus Derek Grant in Espoo Blues zone.
10:22 of 2nd period - Slapshot by Marcus Pettersson.
10:22 of 2nd period - Stopped by Spencer Knight with a rebound.
10:35 of 2nd period - Snap shot by Brendan Lemieux.
10:35 of 2nd period - Stopped by Matthew Villalta with a rebound.
10:57 of 2nd period - Off-side.
10:58 of 2nd period - Brendan Lemieux wins face-off versus Jack McBain in neutral zone.
11:21 of 2nd period - Connor Bunnaman is hit by Joe Snively and loses puck.
11:28 of 2nd period - Wrist shot by Joe Snively.
11:28 of 2nd period - Shot Blocked by Kevin Bahl.
11:44 of 2nd period - Kevin Bahl is hit by Anton Blidh and loses puck.
11:53 of 2nd period - Wrist shot by Patric Hornqvist.
11:53 of 2nd period - Shot Blocked by Kevin Bahl.
12:09 of 2nd period - Wrist shot by Patric Hornqvist.
12:09 of 2nd period - Shot Misses the Net.
12:12 of 2nd period - Brendan Lemieux beats up Carl Grundstrom.
12:12 of 2nd period - Penalty to Brendan Lemieux for Fighting.
12:12 of 2nd period - Penalty to Carl Grundstrom for Fighting.
12:13 of 2nd period - Derek Grant wins face-off versus Jack McBain in Cape Breton Oilers zone.
12:17 of 2nd period - Off-side.
12:18 of 2nd period - Derek Grant wins face-off versus Alexey Toropchenko in neutral zone.
12:31 of 2nd period - Slapshot by Stefan Noesen.
12:31 of 2nd period - Shot Misses the Net.
12:53 of 2nd period - Slapshot by Egor Afanasyev.
12:53 of 2nd period - Shot Misses the Net.
14:11 of 2nd period - Minor Penalty to Stefan Noesen for Holding.
14:12 of 2nd period - Derek Grant wins face-off versus Jack McBain in Espoo Blues zone.
14:23 of 2nd period - Slapshot by Logan O'Connor.
14:23 of 2nd period - Shot Blocked by Marcus Pettersson.
16:11 of 2nd period - Penalty to Stefan Noesen is over, Stefan Noesen is back on ice.
16:22 of 2nd period - Minor Penalty to Stefan Noesen for Diving.
16:23 of 2nd period - Egor Afanasyev wins face-off versus Derek Grant in Espoo Blues zone.
16:26 of 2nd period - Snap shot by Connor Bunnaman.
16:26 of 2nd period - Goal by Connor Bunnaman - Cape Breton Oilers : 2 - Espoo Blues : 2.
16:27 of 2nd period - Derick Brassard wins face-off versus Jack McBain in neutral zone.
16:30 of 2nd period - Wrist shot by Joe Snively.
16:30 of 2nd period - Shot Misses the Net.
16:43 of 2nd period - Minor Penalty to Logan O'Connor for Elbowing.
16:44 of 2nd period - Derek Grant wins face-off versus Jack McBain in Espoo Blues zone.
17:00 of 2nd period - Slapshot by Derek Grant.
17:00 of 2nd period - Shot Blocked by Marcus Pettersson.
17:12 of 2nd period - Penalty to Brendan Lemieux is over, Brendan Lemieux is back on ice.
18:43 of 2nd period - Penalty to Logan O'Connor is over, Logan O'Connor is back on ice.
18:56 of 2nd period - Icing by Urho Vaakanainen.
18:57 of 2nd period - Jack McBain wins face-off versus Viktor Lodin in Espoo Blues zone.
18:58 of 2nd period - Slapshot by Jonah Gadjovich.
18:58 of 2nd period - Shot Misses the Net.
19:04 of 2nd period - Slapshot by Stefan Noesen.
19:04 of 2nd period - Stopped by Matthew Villalta without a rebound.
19:05 of 2nd period - Derek Grant wins face-off versus Jack McBain in Cape Breton Oilers zone.
19:10 of 2nd period - Wrist shot by Stefan Noesen.
19:10 of 2nd period - Shot Misses the Net.
19:12 of 2nd period - Wrist shot by Chad Ruhwedel.
19:12 of 2nd period - Shot Hit the Post.
19:14 of 2nd period - Slapshot by Chad Ruhwedel.
19:14 of 2nd period - Shot Blocked by Leon Gawanke.
19:16 of 2nd period - Backhand shot by Cam York.
19:16 of 2nd period - Stopped by Matthew Villalta with a rebound.
19:18 of 2nd period - Wrist shot by Derek Grant.
19:18 of 2nd period - Espoo Blues goal is going for a video replay.
19:18 of 2nd period - The goal is refused. The puck has entered the net after making contact with an attacking player’s stick that is above the height of the crossbar..
19:19 of 2nd period - Derick Brassard wins face-off versus Connor Bunnaman in Cape Breton Oilers zone.
19:28 of 2nd period - Snap shot by Derick Brassard.
19:28 of 2nd period - Deflect By Logan O'Connor.
19:28 of 2nd period - Stopped by Matthew Villalta with a rebound.
19:44 of 2nd period - Jack McBain is hit by Brendan Lemieux and loses puck.
Goals for this period are 1 for Cape Breton Oilers vs 1 for Espoo Blues.
Shots for this period are 10 for Cape Breton Oilers vs 15 for Espoo Blues.
3rd period
0:01 of 3rd period - Derick Brassard wins face-off versus Jack McBain in neutral zone.
0:50 of 3rd period - Juuso Valimaki is hit by Anton Blidh and loses puck.
1:32 of 3rd period - Icing by Jack McBain.
1:33 of 3rd period - Jack McBain wins face-off versus Fredrik Karlstrom in Cape Breton Oilers zone.
2:02 of 3rd period - Snap shot by Vladislav Kolyachonok.
2:02 of 3rd period - Shot Blocked by Chad Ruhwedel.
2:10 of 3rd period - Minor Penalty to Derick Brassard for Tripping.
2:11 of 3rd period - Jack McBain wins face-off versus Derek Grant in Espoo Blues zone.
2:16 of 3rd period - Snap shot by Alexey Toropchenko.
2:16 of 3rd period - Stopped by Spencer Knight with a rebound.
2:18 of 3rd period - Slapshot by Kevin Bahl.
2:18 of 3rd period - Stopped by Spencer Knight without a rebound.
2:19 of 3rd period - Derek Grant wins face-off versus Jack McBain in Espoo Blues zone.
2:19 of 3rd period - Michael Stone is hit by Carl Grundstrom and loses puck.
2:28 of 3rd period - Slapshot by Alexey Toropchenko.
2:28 of 3rd period - Shot Misses the Net.
2:30 of 3rd period - Wrist shot by Carl Grundstrom.
2:30 of 3rd period - Goal by Carl Grundstrom - Cape Breton Oilers : 3 - Espoo Blues : 2.
2:31 of 3rd period - Jack McBain wins face-off versus Stefan Noesen in neutral zone.
2:39 of 3rd period - Off-side.
2:40 of 3rd period - Derek Grant wins face-off versus Jack McBain in neutral zone.
3:05 of 3rd period - Wrist shot by Carl Grundstrom.
3:05 of 3rd period - Shot Misses the Net.
3:12 of 3rd period - Minor Penalty to Jack McBain for Hooking.
3:13 of 3rd period - Derick Brassard wins face-off versus Kody Clark in Cape Breton Oilers zone.
3:27 of 3rd period - Wrist shot by Stefan Noesen.
3:27 of 3rd period - Stopped by Matthew Villalta without a rebound.
3:28 of 3rd period - Kody Clark wins face-off versus Derick Brassard in Cape Breton Oilers zone.
4:00 of 3rd period - Slapshot by Cam York.
4:00 of 3rd period - Goal by Cam York - Cape Breton Oilers : 3 - Espoo Blues : 3.
4:01 of 3rd period - Derick Brassard wins face-off versus Jack McBain in neutral zone.
4:16 of 3rd period - Snap shot by Derick Brassard.
4:16 of 3rd period - Shot Blocked by Juuso Valimaki.
4:49 of 3rd period - Slapshot by Michael Stone.
4:49 of 3rd period - Shot Blocked by Vladislav Kolyachonok.
4:51 of 3rd period - Snap shot by Anton Blidh.
4:51 of 3rd period - Shot Misses the Net.
5:16 of 3rd period - Off-side.
5:17 of 3rd period - Derek Grant wins face-off versus Carl Grundstrom in neutral zone.
5:22 of 3rd period - Slapshot by Cam York.
5:22 of 3rd period - Shot Misses the Net.
5:24 of 3rd period - Slapshot by Chad Ruhwedel.
5:24 of 3rd period - Shot Blocked by Will Cuylle.
5:26 of 3rd period - Wrist shot by Stefan Noesen.
5:26 of 3rd period - Stopped by Matthew Villalta with a rebound.
6:32 of 3rd period - Snap shot by Derick Brassard.
6:32 of 3rd period - Shot Blocked by Juuso Valimaki.
6:34 of 3rd period - Snap shot by Joe Snively.
6:34 of 3rd period - Stopped by Matthew Villalta without a rebound.
6:35 of 3rd period - Derek Grant wins face-off versus Carl Grundstrom in Cape Breton Oilers zone.
7:10 of 3rd period - Egor Afanasyev is hit by Brendan Lemieux and loses puck.
7:26 of 3rd period - Connor Bunnaman is hit by Mattias Samuelsson and loses puck.
7:33 of 3rd period - Slapshot by Marcus Pettersson.
7:33 of 3rd period - Shot Blocked by Michael Stone.
7:39 of 3rd period - Wrist shot by Hudson Fasching.
7:39 of 3rd period - Stopped by Spencer Knight with a rebound.
7:41 of 3rd period - Snap shot by Egor Afanasyev.
7:41 of 3rd period - Stopped by Spencer Knight without a rebound.
7:42 of 3rd period - Fredrik Karlstrom wins face-off versus Jack McBain in Espoo Blues zone.
8:09 of 3rd period - Logan O'Connor is hit by Kody Clark and loses puck.
8:28 of 3rd period - Snap shot by Logan O'Connor.
8:28 of 3rd period - Shot Blocked by Leon Gawanke.
8:30 of 3rd period - Slapshot by Urho Vaakanainen.
8:30 of 3rd period - Shot Blocked by Philip Broberg.
9:28 of 3rd period - Slapshot by Marcus Pettersson.
9:28 of 3rd period - Stopped by Spencer Knight with a rebound.
9:58 of 3rd period - Snap shot by Ridly Greig.
9:58 of 3rd period - Stopped by Matthew Villalta with a rebound.
10:49 of 3rd period - Snap shot by Derick Brassard.
10:49 of 3rd period - Shot Misses the Net.
10:51 of 3rd period - Snap shot by Derick Brassard.
10:51 of 3rd period - Shot Misses the Net.
10:53 of 3rd period - Wrist shot by Viktor Lodin.
10:53 of 3rd period - Stopped by Matthew Villalta with a rebound.
11:17 of 3rd period - Leon Gawanke is hit by Anton Blidh and loses puck.
14:04 of 3rd period - Kevin Bahl is hit by Stefan Noesen and loses puck.
14:33 of 3rd period - Marcus Pettersson is hit by Derick Brassard and loses puck.
16:01 of 3rd period - Derick Brassard is hit by Kody Clark and loses puck.
16:37 of 3rd period - Philip Broberg is hit by Urho Vaakanainen and loses puck.
17:02 of 3rd period - Juuso Valimaki is hit by Anton Blidh and loses puck.
19:58 of 3rd period - Minor Penalty to Juuso Valimaki for Holding.
19:59 of 3rd period - Derick Brassard wins face-off versus Jack McBain in Cape Breton Oilers zone.
Goals for this period are 1 for Cape Breton Oilers vs 1 for Espoo Blues.
Shots for this period are 6 for Cape Breton Oilers vs 6 for Espoo Blues.
Overtime #1
0:01 of 1st overtime period - Derek Grant wins face-off versus Jack McBain in neutral zone.
0:06 of 1st overtime period - Wrist shot by Derek Grant.
0:06 of 1st overtime period - Goal by Derek Grant - Cape Breton Oilers : 3 - Espoo Blues : 4.
Goals for this period are 0 for Cape Breton Oilers vs 1 for Espoo Blues.
Shots for this period are 0 for Cape Breton Oilers vs 1 for Espoo Blues.
Back to the Top